 Dungeon Crawl Stone Soup version 0.18-a0-1292-ge8ad84c (webtiles) character file.

138 Kidiri the Sneak (level 5, -13/32 HPs)
             Began as a Halfling Enchanter on Feb 9, 2016.
             Shot with an arrow by a centaur (15 damage)
             ... on level 3 of the Dungeon.
             The game lasted 00:08:13 (1911 turns).

Kidiri the Sneak (Halfling Enchanter)               Turns: 1911, Time: 00:08:13

Health: -13/32     AC:  3    Str:  8    XL:     5   Next: 45%
Magic:  8/8        EV: 15    Int: 15    God:
Gold:   83         SH:  2    Dex: 15    Spells: 3 memorised, 2 levels left

rFire  . . .     SeeInvis .     g - +1 dagger (venom)
rCold  . . .     Gourm    .     b - +1 robe
rNeg   . . .     Faith    .     (shield restricted)
rPois  .         Spirit   .     (no helmet)
rElec  .         Dismiss  .     (no cloak)
rCorr  .         Reflect  +     (no gloves)
SustAt .         Harm     .     (no boots)
MR     .....                    e - +2 amulet of reflection
Stlth  +++.......               (no ring)
                                (no ring)

@: not resistant to hostile enchantments, fairly stealthy
A: mutation resistance 1
a: no special abilities


You were on level 3 of the Dungeon.
You were not hungry.

You visited 1 branch of the dungeon, and saw 3 of its levels.

You collected 83 gold pieces.

Inventory:

Hand Weapons
 a - a +1 dagger
 g - a +1 dagger of venom (weapon)
Armour
 b - a +1 robe (worn)
Jewellery
 e - a +2 amulet of reflection (around neck)
Scrolls
 f - a scroll of identify
 h - a scroll of teleportation
Potions
 i - a potion of cure mutation
 k - a potion of agility
Books
 c - a book of Maledictions

   Spells                             Type                      Level
   a - Corona                         Hexes                        1
   b - Ensorcelled Hibernation        Hexes/Ice                    2
   c - Confuse                        Hexes                        3
   d - Tukima's Dance                 Hexes                        3
   e - Dazzling Spray                 Conjuration/Hexes            3
Comestibles
 d - 2 bread rations


   Skills:
 + Level 0.8 Fighting
 * Level 3.1 Short Blades
 + Level 1.5 Armour
 * Level 2.9 Dodging
 * Level 3.8 Stealth
 * Level 2.2 Spellcasting
 + Level 3.1 Hexes


You had 2 spell levels left.
You knew the following spells:

 Your Spells              Type           Power        Failure   Level  Hunger
a - Corona                Hex            ##.....      8%          1    #......
b - Ensorcelled Hibernat  Hex/Ice        #.....       17%         2    ###....
c - Confuse               Hex            ##......     21%         3    ###....


Dungeon Overview and Level Annotations

Branches:
Dungeon (3/15)

Altars:
Elyvilon
Fedhas
Okawaru
Ru
Trog


Innate Abilities, Weirdness & Mutations

You are small and have problems with some larger weapons.
You are somewhat resistant to further mutation.


Message History

Jessica is severely wounded.
The centaur shoots an arrow.
The arrow hits you!
Jessica hits you with a dagger of flaming.
Jessica burns you.
The centaur shoots an arrow.
The arrow hits you!
* * * LOW HITPOINT WARNING * * *
You are too injured to fight recklessly!
You are too injured to fight recklessly!
You are too injured to fight recklessly!
You are too injured to fight recklessly!
You are too injured to fight recklessly!
You are too injured to fight recklessly!
You are too injured to fight recklessly!
You are too injured to fight recklessly!
You are too injured to fight recklessly!
You are too injured to fight recklessly!
You are too injured to fight recklessly!
You hit Jessica.
You kill Jessica!
The centaur shoots an arrow.
The arrow hits you!
You die...

#.. #.. #... #...
##... ...#+#
#.#)######
####.@......+
#....l....###
#########.##.........
..........#.......##
#.....#.....!.....c
#.....##........###
#.....'.........+
#.....#####.....#
#.....'.# ...#....


You could see a centaur and a giant newt.

Vanquished Creatures
  Terence (D:2)
  Jessica (D:3)
  2 adders
  A gnoll (D:1)
  An ooze (D:2)
  3 worms (D:2)
  A giant gecko (D:2)
  4 giant cockroaches
  5 goblins
  3 hobgoblins (D:1)
  4 jackals (D:1)
  2 quokkas (D:2)
  4 bats
  3 giant newts
  9 kobolds
  3 rats
47 creatures vanquished.

Notes
Turn   | Place    | Note
--------------------------------------------------------------
     0 | D:1      | Kidiri the Halfling Enchanter began the quest for the Orb.
     0 | D:1      | Reached XP level 1. HP: 11/11 MP: 3/3
    25 | D:1      | Reached XP level 2. HP: 7/17 MP: 2/4
   242 | D:1      | Reached XP level 3. HP: 19/22 MP: 5/5
   318 | D:1      | Learned a level 2 spell: Ensorcelled Hibernation
   891 | D:2      | Noticed Terence
   895 | D:2      | Killed Terence
   895 | D:2      | Reached skill level 1 in Armour
   895 | D:2      | Reached XP level 4. HP: 19/27 MP: 5/7
  1096 | D:2      | Learned a level 3 spell: Confuse
  1461 | D:2      | Found a white marble altar of Elyvilon.
  1506 | D:2      | Reached XP level 5. HP: 9/32 MP: 8/8
  1739 | D:2      | Found a blossoming altar of Fedhas.
  1745 | D:2      | Found a sacrificial altar of Ru.
  1749 | D:2      | Found an iron altar of Okawaru.
  1804 | D:2      | Found a bloodstained altar of Trog.
  1899 | D:3      | Noticed Jessica
  1908 | D:3      | Noticed a centaur
  1910 | D:3      | HP: 1/32 [centaur/arrow (10)]
  1911 | D:3      | Killed Jessica
  1911 | D:3      | Shot with an arrow by a centaur

Vault maps used:
D:1:      nicolae_arrival_memento_mori
D:2:      lightli_temple_of_fire, elyvilon_altar_5,
          minmay_overflow_temple_star_quad, uniq_terence
D:3:      uniq_jessica, uniq_sigmund

Action                   |  1- 3 |  4- 6 || total
-------------------------+-------+-------++-------
Melee: Dagger            |    95 |    73 ||   168
 Cast: Corona            |     2 |       ||     2
  Use: Scroll            |     4 |     2 ||     6
       Potion            |     3 |     1 ||     4
 Stab: Sleeping          |     4 |     5 ||     9
  Eat: Chunk             |       |     1 ||     1
       Bread ration      |       |     1 ||     1
